 Dungeon Crawl Stone Soup version 0.17-a0-915-g8914353 (webtiles) character file.

185242 Zwobot the Brawler (level 17, 183/183 HPs)
             Began as a Centaur Chaos Knight on May 3, 2015.
             Quit the game on level 1 of the Lair of Beasts on May 4, 2015.
             The game lasted 04:20:52 (54040 turns).

Zwobot the Brawler (Centaur Chaos Knight)          Turns: 54040, Time: 04:20:52

Health: 183/183    AC: 28    Str: 18    XL:     17   Next: 40%
Magic:  20/20      EV: 11    Int: 13    God:    Xom [....*.]
Gold:   2237       SH:  0    Dex: 13    Spells: 3 memorised, 7 levels left

rFire  . . .     SeeInvis .       - Unarmed
rCold  + + .     Clarity  +     A - +0 ice dragon armour
rNeg   . . .     SustAb   .     (no shield)
rPois  +         Gourm    .     (helmet restricted)
rElec  .         Spirit   +     r - +2 cloak
rCorr  .         Warding  .     N - +2 pair of gloves
rMut   .         Stasis   .     p - +4 centaur barding {rF+}
MR     ++...                    H - amulet of guardian spirit
Stlth  ..........               x - ring of protection from magic
                                m - ring of poison resistance

@: very quick, very resistant to hostile enchantments, extremely unstealthy
A: antennae 1, hooves 3, slimy green scales 1, blurry vision 2, clarity, clever
1, deformed body, deterioration 1, speed 2, robust 3, tough skin 3, evolution 1
a: Renounce Religion
}: 1/15 runes: barnacled


You were on level 1 of the Lair of Beasts.
You worshipped Xom.
You were a beloved toy of Xom.
You were not hungry.

You visited 5 branches of the dungeon, and saw 34 of its levels.
You also visited: Labyrinth, Ice Cave and Volcano.

You collected 3279 gold pieces.
You spent 1042 gold pieces at shops.

Inventory:

Hand weapons
 b - a +8 blowgun
Missiles
 L - 6 curare-tipped needles
 O - 96 poisoned needles
Armour
 p - a +4 centaur barding of fire resistance (worn)
 r - a +2 cloak (worn)
 A - a +0 ice dragon armour (worn)
 K - a +2 helmet of fire resistance
 N - a +2 pair of gloves (worn)
Rods
 d - a +3 rod of clouds (9/9)
   (You took it off a minotaur in a labyrinth)
 k - a +4 rod of the swarm (12/12)
   (Xom gifted it to you on level 3 of the Shoals)
 n - a +3 iron rod (13/13)
   (Xom gifted it to you on level 1 of the Spider Nest)
 z - a +6 rod of shadows (9/9)
   (Xom gifted it to you in an ice cave)
Jewellery
 j - an uncursed ring of fire
 m - a ring of poison resistance (left hand)
 x - a ring of protection from magic (right hand)
 G - an uncursed ring of positive energy
 H - an amulet of guardian spirit (around neck)
Magical devices
 o - a wand of fireball (8)
 y - a wand of confusion (11)
 E - a wand of disintegration (1)
 J - a wand of teleportation (2)
 M - a wand of confusion (20)
 S - a wand of cold (2)
 X - a wand of cold (13)
Scrolls
 a - 3 scrolls of fear
 e - 2 scrolls of blinking
 i - 4 scrolls of fog
 v - 8 scrolls of recharging
 B - 3 scrolls of magic mapping
 D - 15 scrolls of remove curse
 I - 12 scrolls of teleportation
 Q - a scroll of amnesia
 U - 2 scrolls of identify
 Y - 3 scrolls of silence
Potions
 f - 4 potions of heal wounds
 g - 3 potions of flight
 l - a potion of cancellation
 q - 3 potions of berserk rage
 t - 2 potions of resistance
 u - 6 potions of might
 w - a potion of cure mutation
 F - 4 potions of curing
 R - 3 potions of brilliance
 V - a potion of magic
Miscellaneous
 s - a phial of floods
 P - a lamp of fire (inert)
Comestibles
 c - 12 bread rations
 h - 14 meat rations


   Skills:
 - Level 10.4 Fighting
 - Level 8.0 Armour
 - Level 12.7 Dodging
 - Level 16.8 Unarmed Combat
 + Level 10.4 Conjurations
 + Level 10.4 Fire Magic
 - Level 5.1 Evocations


You had 7 spell levels left.
You knew the following spells:

 Your Spells              Type           Power        Failure   Level  Hunger
a - Repel Missiles        Chrm/Air       #.....       98%         2    ###....
b - Conjure Flame         Conj/Fire      ####....     6%          3    ####...
c - Sticky Flame          Conj/Fire      ####....     17%         4    #####..


Dungeon Overview and Level Annotations

Branches:
Dungeon (15/15)            Temple (0/1) D:4            Lair (8/8) D:8
 Shoals (4/4) Lair:4       Spider (3/4) Lair:6        Slime (0/6) Lair:6
    Orc (4/4) D:9             Elf (0/3) Orc:3        Vaults (0/5) D:13
 Depths (0/5) D:15

Altars:
Ashenzari
Cheibriados
Dithmenos
Kikubaaqudgha
Makhleb
Ru
Vehumet
Xom
Zin
Beogh

Shops:
Orc:4 (([[

Portals:
Hell: Lair:8

Annotations:
D:3 Grinder
D:8 exclusion: door
Orc:4 Lathuz's ghost, powerful MiBe


Innate Abilities, Weirdness & Mutations

You have hooves in place of feet.
Armour fits poorly on your strangely shaped body.
You cover ground very quickly.
You have extremely tough skin (AC +3).
You have a pair of small antennae on your head.
You are partially covered in slimy green scales (AC +2).
Scrolls take you longer to read.
You possess an exceptional clarity of mind.
Your mind is acute. (Int +2)
Your body sometimes deteriorates upon taking damage.
You are extremely robust (+30% HP).
You evolve.


Message History

There is a staircase back to the Dungeon here.
Items here: ! ((( ))))) /// ::::::: === ?? [[ \ | You see here an iridescent halberd {god gift}.
C - an iridescent halberd {god gift} Read which item? (? for menu, Esc to quit)
You begin reading the scroll.
You continue reading the scroll.
Identify which item? (\ to view known items) (? for menu, Esc to quit)
As you read the scroll of identify, it crumbles to dust.
C - the +4 halberd of Dismemberment {freeze, +Rage rN+ MP+9 Str+4} You drop the +4 halberd of Dismemberment {freeze, +Rage rN+ MP+9 Str+4}.
There is a staircase back to the Dungeon here.
Items here: ! ((( ))))) /// ::::::: === ?? [[ \ |
Okay, then.
Save game and exit?
Welcome back, Zwobot the Centaur Chaos Knight.
Xom snickers.
Press ? for a list of commands and other information.
Quiver which item? (- for none, * to show all) (? for menu, Esc to quit)
Okay, then.
Are you sure you want to abandon this character and quit the game? (Confirm with "yes".)

# ### ### ###
###P############.####.###
........................#
............)...@......##
########.....##..#PP.#..#
.#.###.#.....#.........##
......##.............#.##
......''.....#.......#..#
......##.....#.......#.P#
..(...##..)..#.......#.##
......##.....#.......#.#
#######......##.#.##+..#


There were no monsters in sight!

Vanquished Creatures
  Kirke (Spider:2)
  An azure jelly (Spider:2)
  Donald (Shoals:1)
  3 emperor scorpions
  2 dire elephants (Lair:8)
  An ettin (Lair:5)
  A merfolk javelineer (Shoals:2)
  3 vault guards (D:13)
  Josephine (Shoals:1)
  4 merfolk impalers
  A minotaur (Lab)
  7 hydras
  Harold (Lair:1)
  An ogre mage (D:15)
  3 merfolk avatars
  Erolcha (D:8)
  2 merfolk aquamancers (Shoals:4)
  2 catoblepae
  Erica (D:8)
  5 centaur warriors
  An alligator snapping turtle (Shoals:3)
  A salamander stormcaller (D:15)
  An alligator (D:12)
  8 death yaks
  3 tengu warriors (D:15)
  4 iron golems
  Sonja (D:10)
  Nergalle (D:10)
  3 skeletal warriors (D:15)
  4 sea snakes
  A sun demon (Lair:8)
  2 ice statues (IceCv)
  7 hill giants
  3 unseen horrors
  3 wizards
  9 harpies
  2 necromancers
  4 orb spiders
  A wolf spider zombie (D:15)
  7 griffons
  15 wolf spiders
  5 orc knights
  A deep elf conjurer (D:15)
  2 fauns (Shoals:1)
  13 ugly things
  3 orc sorcerers
  2 water nymphs
  3 cyclopes
  11 black mambas
  3 moths of wrath (Spider:3)
  4 elephants
  8 manticores
  3 gargoyles
  A torpor snail (Lair:3)
  2 naga magi (D:15)
  Psyche (D:11)
  6 orange demons
  2 sirens
  18 spiny frogs
  4 centaur skeletons
  3 yaktaurs
  5 komodo dragons
  8 fire drakes
  2 hellwings
  3 demonic crawlers
  9 blue devils
  3 red devils
  4 tengu conjurers
  A polar bear (shapeshifter) (D:15)
  17 merfolk
  A polar bear (Spider:2)
  A wolf spider simulacrum (D:15)
  4 trolls
  A wind drake (Shoals:4)
  16 jumping spiders
  2 hornet zombies
  15 blink frogs
  11 ravens
  A slime creature (D:12)
  7 two-headed ogres
  A trapdoor spider zombie (D:13)
  10 trapdoor spiders
  3 tarantellas
  7 centaur simulacra
  5 water elementals
  7 snapping turtles
  A deep elf fighter (D:13)
  A deep elf mage (D:15)
  A wraith (Shoals:1)
  A vampire (D:12)
  4 hogs
  4 chaos spawn
  4 wyverns
  4 hungry ghosts
  30 redbacks
  41 orc warriors
  42 yaks
  A wolf (Lair:6)
  A basilisk (shapeshifter) (Lair:8)
  4 basilisks
  A human (D:13)
  10 hippogriffs
  A mottled dragon (D:14)
  3 vampire mosquitoes (D:14)
  7 soldier ants (Lair:5)
  2 wargs (Orc:4)
  20 water moccasins
  10 porcupines
  A hell hound (Lair:8)
  10 ice beasts
  2 sky beasts
  A wasp (D:8)
  20 spiders
  A black bear (D:11)
  3 phantoms
  3 eyes of draining
  9 centaurs
  11 ogres
  18 crocodiles
  6 big kobolds
  2 boring beetles
  18 giant frogs
  11 killer bees
  3 scorpions
  A water moccasin skeleton (D:8)
  13 wights
  3 electric eels (D:12)
  2 giant frog zombies
  A wasp zombie (D:12)
  3 centaur zombies
  3 quasits
  6 hounds
  13 crimson imps
  2 giant frog skeletons
  A draconian simulacrum (IceCv)
  24 orc priests
  24 orc wizards
  3 iron imps
  10 jellies
  35 worker ants
  Jessica (D:3)
  Terence (D:3)
  A spriggan simulacrum (IceCv)
  14 iguanas
  A troll simulacrum (IceCv)
  24 sheep
  2 giant frog simulacra (D:12)
  A worker ant zombie (D:10)
  A hound skeleton (D:8)
  Robin (D:4)
  A naga simulacrum (IceCv)
  18 adders
  3 gnolls (D:5)
  2 ogre simulacra (IceCv)
  92 river rats
  6 white imps
  5 shadow imps
  An ufetubus (D:12)
  An ooze (Lair:6)
  An adder skeleton (D:4)
  2 worms
  200 orcs
  A bat skeleton (D:5)
  A bat zombie (D:7)
  6 giant cockroaches
  35 goblins
  25 hobgoblins
  23 jackals
  39 kobolds
  5 quokkas
  A ball python (D:5)
  13 bats
  11 giant geckos
  4 giant newts
  A quokka skeleton (D:4)
  7 rats
  A ballistomycete (D:15)
  2 fungi (Lair:8)
  3 plants
  A tentacle (Shoals:2)
1376 creatures vanquished.

Vanquished Creatures (collateral kills)
  A kraken (Shoals:2)
  An orc warlord (Orc:4)
  A hydra (Lair:2)
  A merfolk aquamancer (Shoals:4)
  A death yak (Lair:8)
  Pikel (D:7)
  A hill giant (D:12)
  3 harpies
  A griffon (Shoals:1)
  A cyclops (Shoals:4)
  A siren (Shoals:3)
  A redback zombie (D:13)
  2 merfolk (Shoals:4)
  2 two-headed ogres
  2 deep elf fighters (Volcano)
  A hog (Volcano)
  2 wraiths (Shoals:1)
  A human (D:13)
  2 wargs (Orc:4)
  An orc warrior (Orc:4)
  A slave (D:7)
  3 ogres
  A crocodile (Lair:8)
  A wyvern zombie (D:9)
  4 wights
  An orc wizard (Orc:4)
  An orc priest (Orc:4)
  A worker ant (D:7)
  A sheep (Shoals:4)
  20 orcs
  A tentacle (Shoals:2)
62 creatures vanquished.

Vanquished Creatures (others)
  3 harpies
  A dancing weapon (D:13)
  A soul eater (Spider:1)
  An unseen horror (Lair:8)
  A cyclops (Orc:4)
  3 drowned souls (Shoals:3)
  Psyche (D:11)
  2 centaur skeletons
  2 blue devils (IceCv)
  2 ball lightnings (Lair:8)
  A two-headed ogre (Orc:2)
  A fire elemental (Shoals:2)
  A human (Spider:2)
  An ice beast (Lair:8)
  A spider (Spider:1)
  A wasp (Shoals:4)
  An ogre (Shoals:4)
  2 centaurs
  3 killer bees (Shoals:4)
  6 crimson imps
  A giant frog zombie (Spider:1)
  An orc priest (D:10)
  An iguana (Lair:8)
  A worker ant (Volcano)
  4 iron imps
  7 quasits
  2 shadow imps
  10 white imps
  5 ufetubi
  A worm (Shoals:4)
  6 orcs
  A bat skeleton (IceCv)
  A goblin (Orc:2)
  2 quokkas
  2 giant spores
  A rat (Lair:3)
  A bush (Lair:8)
  4 butterflies (Orc:4)
  4 fungi
  10 plants
  15 tentacles (Shoals:2)
  894 tentacle segments (Shoals:2)
1009 creatures vanquished.

Grand Total: 2447 creatures vanquished

Notes
Turn   | Place    | Note
--------------------------------------------------------------
     0 | D:1      | Zwobot, the Centaur Chaos Knight, began the quest for the Orb.
     0 | D:1      | Reached XP level 1. HP: 19/19 MP: 1/1
    90 | D:1      | XOM: divination: detect creatures
   292 | D:1      | Reached XP level 2. HP: 24/26 MP: 2/2
   663 | D:1      | XOM: medium Divn miscast
   754 | D:1      | XOM: 1-stop teleportation journey
   946 | D:1      | XOM: blink monster(s)
   958 | D:1      | Reached skill level 4 in Unarmed Combat
  1244 | D:2      | XOM: mild Summ miscast
  1248 | D:2      | Reached XP level 3. HP: 17/31 MP: 3/3
  1456 | D:2      | XOM is BORED!
  1456 | D:2      | XOM: 3-stop teleportation journey
  1505 | D:2      | XOM: harmless Divn miscast
  1809 | D:2      | Reached XP level 4. HP: 24/38 MP: 4/4
  1813 | D:2      | XOM: stat loss: -1 Int (7/11)
  2103 | D:2      | XOM: fog
  2119 | D:2      | Reached skill level 5 in Unarmed Combat
  2188 | D:2      | XOM: enchant monster (bad)
  2207 | D:2      | XOM: enchant monster (good)
  2242 | D:2      | Found a burning altar of Makhleb.
  2242 | D:2      | Found a shadowy altar of Dithmenos.
  2243 | D:2      | Found a shattered altar of Ashenzari.
  2467 | D:2      | XOM: harmless Hex miscast
  2474 | D:2      | Found a snail-covered altar of Cheibriados.
  2815 | D:2      | XOM is BORED!
  2815 | D:2      | XOM: mild Divn miscast
  3026 | D:3      | Noticed Jessica
  3033 | D:3      | Killed Jessica
  3070 | D:3      | XOM: 1-stop teleportation journey
  3090 | D:3      | Noticed Terence
  3111 | D:3      | Killed Terence
  3111 | D:3      | Reached XP level 5. HP: 45/45 MP: 5/5
  3121 | D:3      | XOM: give mutations
  3121 | D:3      | Gained mutation: Your body sometimes deteriorates upon taking damage. [Xom's mischief]
  3121 | D:3      | Gained mutation: Your body often deteriorates upon taking damage. [Xom's mischief]
  3139 | D:3      | XOM: give mutations
  3139 | D:3      | Gained mutation: You are robust (+10% HP). [Xom's grace]
  3139 | D:3      | Gained mutation: You passively map a small area around you. [Xom's grace]
  3335 | D:3      | XOM: polymorph orc wizard -> hound
  3343 | D:3      | Reached skill level 6 in Unarmed Combat
  3362 | D:3      | XOM: swap monsters
  3368 | D:3      | XOM: swap monsters
  3634 | D:3      | Noticed a two-headed ogre
  3635 | D:3      | XOM: enchant monster (good)
  3638 | D:3      | XOM: divination: detect items
  3662 | D:3      | XOM: confuse monster(s)
  3665 | D:3      | Killed a two-headed ogre
  3665 | D:3      | Reached skill level 7 in Unarmed Combat
  3665 | D:3      | Reached XP level 6. HP: 56/56 MP: 6/6
  4056 | D:3      | Noticed Grinder
  4325 | D:4      | Reached skill level 8 in Unarmed Combat
  4350 | D:4      | XOM: divination: magic mapping
  4388 | D:4      | Reached XP level 7. HP: 59/62 MP: 7/7
  4478 | D:4      | Found an ancient bone altar of Kikubaaqudgha.
  4887 | D:4      | Noticed Robin
  4956 | D:4      | Killed Robin
  5016 | D:4      | Found a staircase to the Ecumenical Temple.
  5180 | D:4      | XOM: 6-stop teleportation journey
  5296 | D:4      | XOM: colour smoke trail
  5645 | D:5      | Entered Level 5 of the Dungeon
  5778 | D:5      | Reached skill level 9 in Unarmed Combat
  5799 | D:5      | XOM: swap monsters
  5883 | D:5      | Found a radiant altar of Vehumet.
  5908 | D:5      | XOM: divination: detect items
  6238 | D:5      | Reached XP level 8. HP: 58/69 MP: 8/8
  6280 | D:5      | XOM: colour smoke trail
  6439 | D:5      | XOM: polymorph gnoll -> giant gecko
  6704 | D:6      | XOM: 8-stop teleportation journey
  6723 | D:6      | XOM: smoke on damage
  6781 | D:6      | You fall through a shaft for 3 floors!
  6946 | D:8      | Reached skill level 10 in Unarmed Combat
  7040 | D:8      | Found a shadowy altar of Dithmenos.
  7076 | D:8      | XOM: give mutations
  7076 | D:8      | Gained mutation: You can translocate small distances at will. [Xom's grace]
  7076 | D:8      | Gained mutation: You are very robust (+20% HP). [Xom's grace]
  7076 | D:8      | Gained mutation: You are partially covered in slimy green scales (AC +2). [Xom's grace]
  7076 | D:8      | Gained mutation: Your natural rate of healing is unusually fast. [Xom's grace]
  7360 | D:7      | XOM: summons friendly crimson imp
  7489 | D:7      | XOM: summons 8 friendly demons
  8358 | D:7      | Noticed Pikel
  8375 | D:7      | XOM: enchant monster (good)
  8392 | D:7      | XOM: cast spell 'Monstrous Menagerie'
  8401 | D:7      | Killed Pikel
  8401 | D:7      | Reached skill level 11 in Unarmed Combat
  8401 | D:7      | Reached XP level 9. HP: 85/87 MP: 9/9
  8641 | D:8      | Reached skill level 5 in Fighting
  8806 | D:8      | XOM: harmless Necr miscast
  8952 | D:8      | Noticed Erolcha
  8987 | D:9      | Noticed a two-headed ogre
  8997 | D:9      | XOM: potion effect (magic)
  9031 | D:9      | XOM: enchant monster (good)
  9033 | D:9      | XOM: potion effect (berserk rage)
  9120 | D:9      | XOM: silly message
  9138 | D:9      | Killed a two-headed ogre
  9194 | D:9      | XOM: mild Summ miscast
  9255 | D:9      | Found a sacrificial altar of Ru.
  9282 | D:9      | XOM: harmless Chrm miscast
  9344 | D:9      | XOM: harmless Chrm miscast
  9346 | D:9      | XOM: divination: magic mapping
  9647 | D:9      | XOM: summons friendly white imp
  9760 | D:9      | Noticed a centaur skeleton
  9777 | D:9      | Killed a centaur skeleton
  9777 | D:9      | Reached skill level 12 in Unarmed Combat
  9782 | D:9      | XOM: enchant monster (good)
  9783 | D:9      | XOM: divination: detect creatures
  9794 | D:9      | XOM: confuse monster(s)
  9810 | D:9      | XOM: cast spell 'Dispersal'
  9860 | D:9      | XOM: noise
  9885 | D:9      | XOM: confuse monster(s)
  9960 | D:9      | Reached XP level 10. HP: 94/100 MP: 10/10
 10062 | D:9      | XOM: noise
 10078 | D:9      | XOM: confuse monster(s)
 10120 | D:9      | Found a staircase to the Orcish Mines.
 10184 | D:9      | Noticed a hill giant
 10190 | D:9      | XOM: confuse monster(s)
 10194 | D:9      | XOM: confuse monster(s)
 10208 | D:9      | Killed a hill giant
 10330 | D:9      | XOM: mild Fire miscast
 10367 | D:9      | XOM: god gift: 11 steel sling bullets
 10671 | D:10     | Entered Level 10 of the Dungeon
 10671 | D:10     | Noticed Sonja
 10814 | D:10     | Noticed Nergalle
 10815 | D:10     | XOM: enchant monster (good)
 10823 | D:10     | Noticed a spectral orc warlord
 10832 | D:10     | XOM: 2-stop teleportation journey
 10963 | D:11     | Noticed an iron golem
 10963 | D:11     | Noticed an iron golem
 10963 | D:11     | Noticed an iron golem
 10963 | D:11     | Noticed an iron golem
 10979 | D:10     | XOM: enchant monster (good)
 11012 | D:10     | XOM: swap monsters
 11275 | D:11     | Reached skill level 5 in Armour
 11275 | D:11     | Reached skill level 13 in Unarmed Combat
 11296 | D:11     | XOM: colour smoke trail
 11362 | D:11     | Noticed a hill giant
 11371 | D:11     | XOM: 5-stop teleportation journey
 11481 | D:11     | XOM: silly message
 11612 | D:11     | Killed an unseen horror
 11669 | D:11     | Noticed Psyche
 11669 | D:11     | XOM: vitrification
 11675 | D:11     | XOM: chaos cloud
 11676 | D:11     | Psyche (ally) was killed
 11683 | D:11     | XOM: harmless Erth miscast
 11751 | D:11     | XOM: enchant monster (good)
 11759 | D:11     | XOM: vitrification
 11766 | D:11     | Killed a hill giant
 11832 | D:11     | XOM: silly message
 11863 | D:11     | Got a steaming dagger
 11873 | D:11     | XOM: divination: magic mapping
 11901 | D:11     | Noticed a manticore
 11959 | D:11     | XOM: harmless Conj miscast
 12071 | D:11     | XOM: scenery: 2 doors open, 5 doors close
 12094 | D:11     | Reached XP level 11. HP: 86/112 MP: 8/11
 12134 | D:11     | Killed a manticore
 12328 | D:11     | Noticed a hill giant
 12331 | D:11     | XOM: silly message
 12334 | D:11     | XOM: potion effect (berserk rage)
 12341 | D:11     | XOM: potion effect (haste)
 12351 | D:11     | XOM: potion effect (agility)
 12495 | D:10     | Found a staircase to the Orcish Mines.
 12573 | D:10     | XOM: potion effect (berserk rage)
 12663 | D:11     | Killed Psyche
 12718 | D:11     | XOM: silly message
 12756 | D:11     | Killed a hill giant
 12903 | D:11     | XOM: harmless Ice miscast
 13093 | D:11     | XOM: potion effect (invisibility)
 13179 | D:12     | Reached skill level 14 in Unarmed Combat
 13240 | D:12     | Noticed a four-headed hydra
 13255 | D:12     | XOM: potion effect (berserk rage)
 13268 | D:12     | Killed a four-headed hydra
 13469 | D:12     | XOM: potion effect (agility)
 13478 | D:12     | Noticed a seven-headed hydra
 13484 | D:12     | XOM: silly message
 13502 | D:12     | XOM: harmless Divn miscast
 13530 | D:12     | Noticed an alligator
 13530 | D:12     | a seven-headed hydra changed into an alligator
 13530 | D:12     | XOM: polymorph seven-headed hydra -> alligator
 13543 | D:12     | Killed an alligator
 13870 | D:12     | XOM: 3-stop teleportation journey
 13871 | D:12     | Noticed a hill giant
 13890 | D:12     | Killed a hill giant
 14600 | D:13     | XOM: enchant monster (good)
 14604 | D:13     | Noticed a centaur warrior
 14604 | D:13     | XOM: summons friendly ufetubus
 14614 | D:13     | XOM: noise
 14621 | D:13     | XOM: cast spell 'Dragon Form'
 14622 | D:13     | XOM: cast spell 'Blink'
 14629 | D:13     | Killed a centaur warrior
 14629 | D:13     | Reached XP level 12. HP: 109/127 MP: 8/12
 14919 | D:13     | Reached skill level 10 in Fighting
 15109 | D:13     | Noticed a vault guard
 15253 | D:10     | Killed Sonja
 15340 | D:10     | XOM: enchant monster (good)
 15378 | D:10     | Killed an unseen horror
 15378 | D:10     | Reached skill level 15 in Unarmed Combat
 15470 | D:10     | XOM: 2-stop teleportation journey
 15472 | D:10     | XOM: 2-stop teleportation journey
 15611 | D:10     | XOM: stat loss: -1 Dex (11/12)
 15640 | D:10     | XOM: chaos cloud
 15652 | D:10     | Killed Nergalle
 15681 | D:10     | XOM: summons 5 hostile demons
 15685 | D:10     | Gained mutation: Your magical capacity is low (-10% MP). [mutagenic glow]
 15960 | D:10     | XOM: harmless Pois miscast
 16038 | D:10     | XOM: blink monster(s)
 16053 | D:10     | XOM: confusion (+ monsters)
 16271 | D:8      | Noticed a troll
 16274 | D:8      | XOM: chaos cloud
 16280 | D:8      | Killed a troll
 16328 | D:8      | XOM: 1-stop teleportation journey
 16329 | D:8      | Noticed Erica
 16329 | D:8      | XOM: silly message
 16375 | D:8      | Reached skill level 1 in Dodging
 16383 | D:8      | Lost mutation: You are very robust (+20% HP). [potion of cure mutation]
 16383 | D:8      | Lost mutation: You passively map a small area around you. [potion of cure mutation]
 16383 | D:8      | Lost mutation: Your body often deteriorates upon taking damage. [potion of cure mutation]
 16383 | D:8      | Lost mutation: Your magical capacity is low (-10% MP). [potion of cure mutation]
 16383 | D:8      | Lost mutation: You can translocate small distances at will. [potion of cure mutation]
 16383 | D:8      | Lost mutation: Your body sometimes deteriorates upon taking damage. [potion of cure mutation]
 16404 | D:8      | Killed Erolcha
 16593 | D:8      | Killed Erica
 16645 | D:8      | XOM: mild Chrm miscast
 16673 | D:8      | Found a staircase to the Lair.
 16808 | Lair:1   | Entered Level 1 of the Lair of Beasts
 16830 | Lair:1   | Noticed Harold
 16849 | Lair:1   | Killed Harold
 16952 | Lair:1   | XOM: confuse monster(s)
 16954 | Lair:1   | XOM: polymorph basilisk -> water moccasin
 16973 | Lair:1   | XOM: harmless Necr miscast
 17338 | Lair:1   | XOM: confuse monster(s)
 17626 | Lair:1   | XOM: cast spell 'Spider Form'
 17834 | Lair:2   | XOM: swap monsters
 17967 | Lair:2   | XOM: silly message
 18074 | Lair:2   | Found a labyrinth entrance.
 18083 | Lab      | Entered a labyrinth
 18565 | Lab      | Noticed a minotaur
 18573 | Lab      | Killed a minotaur
 18607 | Lab      | Got a twitching bone ring
 18614 | Lab      | Got a warped broad axe
 18615 | Lab      | Identified a +3 rod of clouds (7/9) (You took it off a minotaur in a labyrinth)
 18618 | Lab      | Identified the ring "Ceteotsa" {rC- rN+ MR++} (You took it off a minotaur in a labyrinth)
 18621 | Lab      | Identified the +12 broad axe of Okawaru's Condemnation {venom, MR+ Str+3} (You found it in a labyrinth)
 18622 | Lab      | Identified the +5 dagger "Orb Guardian's Curse" {flame, Int+5} (You found it on level 11 of the Dungeon)
 18631 | Lab      | Got a fine spear
 18667 | Lair:2   | XOM: enchant monster (good)
 18700 | Lair:2   | Reached XP level 13. HP: 90/124 MP: 8/13
 18960 | Lair:2   | Reached skill level 5 in Dodging
 19097 | Lair:2   | XOM: enchant monster (good)
 19133 | Lair:2   | XOM: cast spell 'Metabolic Englaciation'
 19340 | Lair:2   | XOM: cast spell 'Ice Form'
 19724 | Lair:2   | XOM: silly message
 19949 | Lair:2   | XOM: silly message
 20042 | Lair:3   | Found a frozen archway.
 20061 | IceCv    | Entered an ice cave
 20151 | IceCv    | XOM: polymorph blue devil -> red devil
 20159 | IceCv    | XOM: fog
 20213 | IceCv    | XOM: 1-stop teleportation journey
 20233 | IceCv    | XOM: divine lightning
 20265 | IceCv    | XOM: divination: detect items
 20283 | IceCv    | XOM: divination: detect items
 20412 | IceCv    | XOM: god gift: short glowing rod {god gift}
 20416 | IceCv    | Identified a +6 rod of shadows (9/9) (Xom gifted it to you in an ice cave)
 20435 | IceCv    | XOM: harmless Tloc miscast
 20465 | IceCv    | XOM: cast spell 'Ring of Flames'
 20543 | IceCv    | Got a faintly glowing short sword
 20632 | IceCv    | XOM: divination: detect items
 20634 | IceCv    | XOM: noise
 20649 | IceCv    | Reached skill level 16 in Unarmed Combat
 20796 | IceCv    | XOM: colour smoke trail
 21094 | Lair:3   | XOM is BORED!
 21094 | Lair:3   | XOM: noise
 21095 | Lair:3   | XOM: divination: detect items
 21097 | Lair:3   | XOM: silly message
 21162 | Lair:3   | XOM: harmless Ice miscast
 21245 | Lair:3   | XOM: harmless Fire miscast
 21334 | Lair:3   | XOM: harmless Ice miscast
 21526 | Lair:3   | XOM: harmless Erth miscast
 21652 | Lair:3   | XOM: confuse monster(s)
 21834 | Lair:3   | XOM: summons 6 hostile demons
 22005 | Lair:3   | XOM: harmless Air miscast
 22036 | Lair:3   | XOM is BORED!
 22036 | Lair:3   | XOM: mild Tloc miscast
 22056 | Lair:3   | XOM: harmless Trmt miscast
 22455 | Lair:4   | XOM: destruction
 22495 | Lair:4   | XOM: mild Trmt miscast
 22502 | Lair:4   | XOM: silly message
 22549 | Lair:4   | XOM: silly message
 23136 | Lair:4   | Found a staircase to the Shoals.
 23152 | Lair:4   | XOM: mild Pois miscast
 23342 | Lair:5   | Got a jewelled arbalest
 23343 | Lair:5   | Identified the +7 arbalest of Moderation {venom, rF+ Stlth+} (You found it on level 5 of the Lair of Beasts)
 23443 | Lair:5   | XOM: blink monster(s)
 23659 | Lair:5   | XOM: mild Air miscast
 23849 | Lair:5   | XOM: 3-stop teleportation journey
 23882 | Lair:5   | XOM: fake destruction
 23890 | Lair:5   | XOM: fog
 23927 | Lair:5   | XOM: polymorph queen ant -> ettin
 23942 | Lair:5   | XOM: fog
 23959 | Lair:5   | XOM: scenery: create altars
 23994 | Lair:5   | XOM: blink monster(s)
 24152 | Lair:5   | XOM: confusion
 24267 | Lair:5   | XOM: harmless Trmt miscast
 24413 | Lair:6   | XOM: noise
 24416 | Lair:6   | Reached skill level 1 in Evocations
 24460 | Lair:6   | Found a staircase to the Slime Pits.
 24468 | Lair:6   | XOM: polymorph jelly -> wolf
 24507 | Lair:6   | XOM: mild Tloc miscast
 24534 | Lair:6   | Reached XP level 14. HP: 102/133 MP: 12/15
 24567 | Lair:6   | XOM: divination: detect items
 24574 | Lair:6   | XOM: divination: detect creatures
 24593 | Lair:6   | XOM: mild Trmt miscast
 24737 | Lair:6   | XOM: medium Fire miscast
 24825 | Lair:6   | XOM: confuse monster(s)
 24908 | Lair:6   | Found a hole to the Spider Nest.
 25101 | Lair:6   | XOM: enchant monster (bad)
 25106 | Lair:6   | XOM: give mutation
 25106 | Lair:6   | Gained mutation: You occasionally shout uncontrollably at your foes. [Xom's mischief]
 25138 | Lair:6   | XOM: vitrification
 25933 | Lair:7   | Reached skill level 5 in Evocations
 26042 | Lair:7   | XOM is BORED!
 26042 | Lair:7   | XOM: noise
 26061 | Lair:7   | XOM: medium Ice miscast
 26377 | Lair:7   | XOM: colour smoke trail
 26661 | Lair:7   | XOM: harmless Tloc miscast
 26664 | Lair:7   | XOM: cast spell 'Ice Form'
 26799 | Lair:7   | XOM: harmless Air miscast
 27130 | Lair:8   | Entered Level 8 of the Lair of Beasts
 27137 | Lair:8   | XOM: summons 14 friendly demons
 27163 | Lair:8   | XOM: enchant monster (good)
 27178 | Lair:8   | XOM: cast spell 'Conjure Ball Lightning'
 27187 | Lair:8   | XOM: snakes to sticks
 27191 | Lair:8   | XOM: enchant monster (good)
 27842 | Lair:8   | XOM: potion effect (might)
 27858 | Lair:8   | XOM: fog
 27860 | Lair:8   | XOM: medium Pois miscast
 27864 | Lair:8   | XOM: summons 9 friendly demons
 27897 | Lair:8   | XOM: noise
 27917 | Lair:8   | Reached skill level 10 in Dodging
 28091 | Lair:8   | XOM: summons 7 hostile demons
 28126 | Lair:8   | XOM: mild Necr miscast
 28132 | Lair:8   | XOM: polymorph crocodile -> fire drake
 28156 | Lair:8   | XOM: confusion (+ monsters)
 28158 | Lair:8   | XOM: divination: magic mapping
 28164 | Lair:8   | XOM: 1-stop teleportation journey
 28184 | Lair:7   | XOM: stat loss: -1 Dex (11/12)
 28219 | Lair:7   | XOM: give mutations
 28219 | Lair:7   | Gained mutation: You are clumsy. (Dex -2) [Xom's mischief]
 28219 | Lair:7   | Lost mutation: You are clumsy. (Dex -2) [Xom's mischief]
 28219 | Lair:7   | Gained mutation: Scrolls take you a little longer to read. [Xom's mischief]
 28219 | Lair:7   | Gained mutation: Your body sometimes deteriorates upon taking damage. [Xom's mischief]
 28351 | Lair:8   | XOM: repel stairs
 28552 | Lair:8   | XOM: 1-stop teleportation journey
 28609 | Lair:8   | XOM: enchant monster (bad)
 28714 | Lair:8   | XOM: divination: detect items
 28746 | Lair:8   | XOM: confusion
 28752 | Lair:8   | XOM: noise
 28892 | Lair:8   | XOM: chaos cloud
 28894 | Lair:8   | XOM: give mutations
 28894 | Lair:8   | Lost mutation: You occasionally shout uncontrollably at your foes. [Xom's mischief]
 28894 | Lair:8   | Gained mutation: You are clumsy. (Dex -2) [Xom's mischief]
 28894 | Lair:8   | Gained mutation: Scrolls take you longer to read. [Xom's mischief]
 28897 | Lair:8   | XOM: confuse monster(s)
 28913 | Lair:8   | XOM: divination: magic mapping
 29163 | Lair:8   | XOM: 5-stop teleportation journey
 29171 | Lair:8   | XOM: 3-stop teleportation journey
 29190 | Lair:8   | XOM: noise
 29230 | Lair:8   | XOM: give mutations
 29230 | Lair:8   | Lost mutation: Your body sometimes deteriorates upon taking damage. [Xom's mischief]
 29230 | Lair:8   | Gained mutation: You are weak. (Str -2) [Xom's mischief]
 29230 | Lair:8   | Lost mutation: You are clumsy. (Dex -2) [Xom's mischief]
 29230 | Lair:8   | Gained mutation: You occasionally shout uncontrollably at your foes. [Xom's mischief]
 29237 | Lair:8   | XOM: enchant monster (bad)
 29253 | Lair:8   | XOM: 1-stop teleportation journey
 29351 | Lair:7   | XOM: noise
 29466 | Lair:8   | XOM: harmless Erth miscast
 29490 | Lair:8   | XOM: chaos cloud
 29743 | Lair:8   | XOM: silly message
 29909 | Lair:8   | XOM: divination: detect creatures
 29981 | Lair:8   | XOM: harmless Air miscast
 29983 | Lair:8   | XOM: harmless Divn miscast
 29993 | Lair:8   | XOM: silly message
 29996 | Lair:8   | XOM: harmless Tloc miscast
 30002 | Lair:8   | XOM: confusion (+ monsters)
 30044 | Lair:8   | XOM: 1-stop teleportation journey
 30050 | Lair:8   | XOM: enchant monster (bad)
 30073 | Lair:8   | XOM: potion effect (berserk rage)
 30323 | Lair:8   | XOM: mild Hex miscast
 30336 | Lair:8   | XOM: summons friendly ufetubus
 30423 | Lair:8   | XOM: divination: detect creatures
 30697 | Lair:8   | XOM: divination: detect creatures
 30776 | Lair:8   | Found a burning altar of Makhleb.
 30883 | Lair:8   | XOM: enchant monster (bad)
 30886 | Lair:8   | XOM: potion effect (curing)
 31085 | Lair:8   | Found a gateway to Hell.
 31278 | Lair:7   | XOM: confuse monster(s)
 31281 | Lair:7   | XOM: cast spell 'Blink'
 31289 | Lair:7   | Reached XP level 15. HP: 124/138 MP: 18/18
 31304 | Lair:7   | XOM: confuse monster(s)
 31353 | Lair:7   | XOM: noise
 31388 | Lair:7   | XOM: colour smoke trail
 31776 | Orc:1    | Entered Level 1 of the Orcish Mines
 31936 | Orc:1    | XOM: cast spell 'Olgreb's Toxic Radiance'
 32013 | Orc:1    | XOM: silly message
 32243 | Orc:2    | XOM: destruction
 32325 | Orc:2    | XOM: divination: magic mapping
 32550 | Orc:2    | XOM: enchant monster (good)
 32766 | Orc:3    | XOM: give mutation
 32766 | Orc:3    | Gained mutation: Your mind is acute. (Int +2) [Xom's grace]
 32776 | Orc:3    | XOM: 2-stop teleportation journey
 32815 | Orc:3    | XOM: harmless Hex miscast
 32974 | Orc:3    | XOM: mild Hex miscast
 33068 | Orc:3    | Found a burning altar of Makhleb.
 33166 | Orc:3    | Found a staircase to the Elven Halls.
 33289 | Orc:4    | Entered Level 4 of the Orcish Mines
 33387 | Orc:4    | Noticed Lathuz's ghost (powerful MiBe)
 33388 | Orc:4    | XOM: mild Pois miscast
 33431 | Orc:4    | XOM: enchant monster (bad)
 33442 | Orc:4    | XOM: harmless Summ miscast
 33577 | Orc:4    | Found a dark tunnel.
 33586 | Volcano  | Entered a volcano
 33600 | Volcano  | XOM: confusion (+ monsters)
 33761 | Orc:4    | XOM: chaos upgrade
 33938 | Orc:4    | XOM: polymorph orc -> goblin
 33962 | Orc:4    | XOM: summons 3 friendly demons
 33966 | Orc:4    | XOM: summons friendly ufetubus
 33975 | Orc:4    | XOM: summons friendly crimson imp
 33989 | Orc:4    | XOM: summons friendly shadow imp
 34018 | Orc:4    | XOM: enchant monster (good)
 34029 | Orc:4    | XOM: cast spell 'Summon Butterflies'
 34035 | Orc:4    | XOM: polymorph orc -> kobold
 34039 | Orc:4    | Found a roughly hewn altar of Beogh.
 34039 | Orc:4    | XOM: 8-stop teleportation journey
 34202 | Orc:4    | XOM: confusion (+ monsters)
 34276 | Orc:4    | XOM: 1-stop teleportation journey
 34294 | Orc:4    | XOM: fog
 34325 | Orc:4    | XOM: potion effect (brilliance)
 34328 | Orc:4    | Found a roughly hewn altar of Beogh.
 34328 | Orc:4    | Found Kecosaq's Weapon Shop.
 34328 | Orc:4    | XOM: 4-stop teleportation journey
 34390 | Orc:4    | XOM: enchant monster (good)
 34416 | Orc:4    | Found a roughly hewn altar of Beogh.
 34416 | Orc:4    | Found Esimy's Antique Weapon Shoppe.
 34420 | Orc:4    | Found Piabippits's Antique Armour Emporium.
 34515 | Orc:4    | XOM: silly message
 34673 | Orc:4    | XOM: cast spell 'Statue Form'
 34688 | Orc:4    | XOM: cast spell 'Metabolic Englaciation'
 34731 | Orc:4    | XOM: harmless Trmt miscast
 34747 | Orc:4    | XOM: divination: detect creatures
 34829 | Orc:4    | XOM: summons friendly crimson imp
 34857 | Orc:4    | XOM: polymorph orc warrior -> jelly
 34947 | Orc:4    | Found a roughly hewn altar of Beogh.
 34969 | Orc:4    | Found Qubumouq's Armour Shop.
 34988 | Orc:4    | Bought the +9 plate armour of the Gloaming {rCorr Dex+3} for 1042 gold pieces
 35341 | Orc:4    | Found a roughly hewn altar of Beogh.
 35559 | D:8      | XOM: silly message
 35774 | Spider:1 | Entered Level 1 of the Spider Nest
 35816 | Spider:1 | XOM: noise
 35911 | Spider:1 | XOM: summons friendly crimson imp
 35916 | Spider:1 | XOM: summons 5 friendly demons
 35993 | Spider:1 | XOM: harmless Ice miscast
 36028 | Lair:6   | XOM: harmless Summ miscast
 36167 | Lair:6   | XOM: harmless Chrm miscast
 36344 | Spider:1 | XOM: smoke on damage
 36586 | Spider:1 | XOM: enchant monster (bad)
 37048 | Spider:1 | XOM: 1-stop teleportation journey
 37064 | Spider:1 | XOM: mild Necr miscast
 37108 | Spider:1 | XOM: noise
 37323 | Spider:1 | XOM: summons 4 friendly demons
 37327 | Spider:1 | XOM: smoke on damage
 37545 | Spider:1 | XOM: swap monsters
 37629 | Spider:1 | XOM: destruction
 37850 | Spider:1 | XOM: god gift: phantom mirror
 37895 | Spider:1 | XOM: god gift: short runed rod {god gift}
 38029 | Spider:1 | XOM: cast spell 'Dragon Form'
 38314 | Lair:6   | XOM: swap monsters
 38336 | Lair:6   | XOM: scenery: 1 doors close
 38522 | Lair:1   | Learned a level 2 spell: Repel Missiles
 38526 | Lair:1   | Learned a level 3 spell: Conjure Flame
 38531 | Lair:1   | Learned a level 4 spell: Sticky Flame
 38636 | Lair:3   | XOM: god gift: 6 arrows of frost
 39040 | Spider:2 | Reached skill level 1 in Conjurations
 39041 | Spider:2 | XOM: 3-stop teleportation journey
 39058 | Spider:2 | Reached skill level 1 in Fire Magic
 39219 | Spider:2 | XOM: give mutations
 39219 | Spider:2 | Lost mutation: You occasionally shout uncontrollably at your foes. [Xom's mischief]
 39219 | Spider:2 | Lost mutation: Your natural rate of healing is unusually fast. [Xom's mischief]
 39219 | Spider:2 | Lost mutation: You are weak. (Str -2) [Xom's mischief]
 39230 | Spider:2 | XOM is BORED!
 39230 | Spider:2 | XOM: mild Trmt miscast
 39933 | Spider:2 | XOM: 2-stop teleportation journey
 39941 | Spider:2 | XOM: 1-stop teleportation journey
 39949 | Spider:2 | XOM: polymorph trapdoor spider -> polar bear
 40252 | Spider:2 | XOM: enchant monster (bad)
 40255 | Spider:2 | Noticed an azure jelly
 40255 | Spider:2 | an emperor scorpion changed into an azure jelly
 40255 | Spider:2 | XOM: polymorph emperor scorpion -> azure jelly
 40290 | Spider:2 | XOM: destruction
 40292 | Spider:2 | XOM: mild Hex miscast
 40294 | Spider:2 | Killed an azure jelly
 40303 | Spider:2 | XOM: medium Necr miscast
 41020 | Spider:2 | Identified a scroll of acquirement
 41020 | Spider:2 | XOM: vitrification
 41044 | Spider:2 | Noticed Kirke
 41069 | Spider:2 | Killed Kirke
 41102 | Spider:2 | XOM: medium Conj miscast
 41378 | Spider:2 | XOM is BORED!
 41378 | Spider:2 | XOM: mild Necr miscast
 41520 | Spider:2 | XOM: noise
 41912 | Spider:3 | XOM: mild Summ miscast
 42056 | Spider:3 | Reached XP level 16. HP: 140/148 MP: 16/19
 42092 | Spider:3 | XOM: harmless Erth miscast
 42174 | Spider:3 | XOM: confuse monster(s)
 42254 | Spider:3 | XOM: harmless Erth miscast
 42430 | Spider:3 | XOM: enchant monster (bad)
 42446 | Spider:3 | Reached skill level 5 in Conjurations
 42498 | Spider:3 | Reached skill level 5 in Fire Magic
 43009 | D:9      | XOM: silly message
 43203 | D:10     | Killed an iron golem
 43307 | D:10     | XOM: confusion (+ monsters)
 43324 | D:10     | XOM: potion effect (invisibility)
 43348 | D:10     | Killed an iron golem
 43352 | D:10     | XOM: potion effect (might)
 43362 | D:10     | Killed an iron golem
 43379 | D:11     | Killed an iron golem
 43401 | D:11     | Noticed a centaur warrior
 43402 | D:11     | XOM: harmless Air miscast
 43409 | D:11     | Killed a centaur warrior
 43522 | D:13     | Noticed a vault guard
 43556 | D:13     | Killed a vault guard
 43591 | D:13     | XOM: destruction
 43602 | D:13     | Noticed a wizard
 43608 | D:13     | Killed a wizard
 43616 | D:13     | XOM: summons friendly white imp
 43626 | D:13     | Killed a vault guard
 43635 | D:13     | XOM: divination: detect creatures
 43646 | D:13     | Noticed a catoblepas
 43646 | D:13     | XOM: enchant monster (bad)
 43703 | D:13     | XOM: cast spell 'Ice Form'
 43980 | D:13     | Killed a catoblepas
 44227 | D:13     | Noticed a hill giant
 44236 | D:13     | Killed a hill giant
 44397 | D:13     | Found a gate to the Vaults.
 44397 | D:13     | Noticed a vault guard
 44434 | D:13     | Killed a vault guard
 44692 | D:13     | XOM: harmless Trmt miscast
 44835 | D:14     | XOM: divination: detect creatures
 44967 | D:14     | XOM: mild Conj miscast
 45187 | D:14     | XOM: god gift: sedimented blue potion
 45189 | D:14     | Gained mutation: Your body sometimes deteriorates upon taking damage. [potion of mutation]
 45189 | D:14     | Lost mutation: Your mind is acute. (Int +2) [potion of mutation]
 45378 | D:14     | XOM: god gift: 4 needles of frenzy
 45468 | D:14     | XOM: vitrification
 45519 | D:14     | Found a glowing silver altar of Zin.
 45886 | D:14     | XOM: give mutations
 45886 | D:14     | Gained mutation: You are very robust (+20% HP). [Xom's grace]
 45886 | D:14     | Gained mutation: You are extremely robust (+30% HP). [Xom's grace]
 46056 | D:15     | Entered Level 15 of the Dungeon
 46163 | D:15     | XOM: destruction
 46180 | D:15     | XOM: summons 3 friendly demons
 46371 | D:15     | XOM: summons friendly quasit
 46387 | D:15     | XOM: 3-stop teleportation journey
 46388 | D:15     | XOM: summons 2 friendly demons
 46431 | D:15     | XOM: medium Ice miscast
 46518 | D:15     | XOM: summons 8 hostile demons
 46545 | D:15     | XOM is BORED!
 46545 | D:15     | XOM: summons 4 hostile shadow creatures
 46679 | D:15     | XOM: 2-stop teleportation journey
 46682 | D:15     | XOM: chaos cloud
 46693 | D:15     | XOM: chaos upgrade
 46696 | D:15     | XOM: mild Chrm miscast
 46706 | D:15     | XOM: cast spell 'Monstrous Menagerie'
 46712 | D:15     | XOM: colour smoke trail
 46717 | D:15     | XOM: enchant monster (bad)
 46718 | D:15     | XOM: 2-stop teleportation journey
 46727 | D:15     | XOM: harmless Summ miscast
 46730 | D:15     | XOM: cast spell 'Blink'
 46742 | D:15     | XOM: cast spell 'Summon Small Mammal'
 46754 | D:15     | XOM: noise
 46767 | D:15     | XOM: summons friendly ufetubus
 47196 | D:15     | XOM: enchant monster (good)
 47213 | D:15     | XOM: confuse monster(s)
 47218 | D:15     | XOM: confuse monster(s)
 47235 | D:15     | XOM: cast spell 'Ring of Flames'
 47447 | D:15     | XOM: cast spell 'Blink'
 47458 | D:15     | XOM: cast spell 'Cause Fear'
 47551 | D:15     | XOM: silly message
 47558 | D:15     | XOM: potion effect (haste)
 47721 | D:15     | XOM: harmless Fire miscast
 47799 | D:15     | XOM: divination: detect items
 47820 | D:15     | XOM: potion effect (berserk rage)
 47878 | D:15     | Found a staircase to the Depths.
 47900 | D:15     | XOM: silly message
 48227 | D:15     | XOM: colour smoke trail
 48692 | Shoals:1 | Entered Level 1 of the Shoals
 48775 | Shoals:1 | XOM: smoke on damage
 48783 | Shoals:1 | XOM: mild Necr miscast
 48988 | Shoals:1 | Noticed Donald
 48988 | Shoals:1 | XOM: summons 10 friendly demons
 49011 | Shoals:1 | Killed Donald
 49123 | Shoals:1 | XOM: summons 3 friendly demons
 49195 | Shoals:1 | Noticed Josephine
 49196 | Shoals:1 | XOM: summons 3 friendly demons
 49200 | Shoals:1 | XOM: summons friendly white imp
 49201 | Shoals:1 | Killed Josephine
 49305 | Shoals:1 | XOM: fog
 49351 | Shoals:1 | XOM: swap monsters
 49367 | Shoals:1 | XOM: noise
 49410 | Shoals:1 | XOM: god gift: lamp of fire
 49674 | Shoals:1 | XOM: give mutations
 49674 | Shoals:1 | Gained mutation: Your mind is acute. (Int +2) [Xom's grace]
 49674 | Shoals:1 | Gained mutation: You have a pair of small antennae on your head. [Xom's grace]
 49847 | Shoals:1 | XOM: 5-stop teleportation journey
 49923 | Shoals:1 | XOM: god gift: beef jerky
 50172 | Shoals:2 | XOM: harmless Trmt miscast
 50229 | Shoals:2 | Reached XP level 17. HP: 179/183 MP: 12/20
 50504 | Shoals:2 | XOM: harmless Tloc miscast
 50602 | Shoals:2 | XOM: divination: detect items
 51172 | Shoals:2 | XOM: harmless Divn miscast
 51198 | Shoals:2 | XOM: mild Necr miscast
 51280 | Shoals:2 | XOM: enchant monster (good)
 51305 | Shoals:2 | XOM: blink monster(s)
 51321 | Shoals:2 | XOM: noise
 51555 | Shoals:2 | XOM: summons 8 hostile demons
 51556 | Shoals:2 | XOM: 3-stop teleportation journey
 51614 | Shoals:2 | XOM: medium Ice miscast
 51704 | Shoals:2 | XOM: noise
 52031 | Shoals:3 | XOM: enchant monster (good)
 52429 | Shoals:3 | XOM: harmless Tloc miscast
 52534 | Shoals:3 | XOM: god gift: twisted jewelled rod {god gift}
 52535 | Shoals:3 | Reached skill level 10 in Conjurations
 52554 | Shoals:3 | Identified a +4 rod of the swarm (12/12) (Xom gifted it to you on level 3 of the Shoals)
 52577 | Shoals:3 | Reached skill level 10 in Fire Magic
 52775 | Shoals:3 | XOM: summons 15 friendly demons
 53061 | Shoals:4 | Entered Level 4 of the Shoals
 53232 | Shoals:4 | XOM: smoke on damage
 53236 | Shoals:4 | XOM: god gift: ring mail {god gift}
 53255 | Shoals:4 | XOM: vitrification
 53306 | Shoals:3 | XOM: give mutation
 53306 | Shoals:3 | Gained mutation: You evolve. [Xom's grace]
 53501 | Shoals:3 | XOM: vitrification
 53755 | Shoals:4 | Got a barnacled rune of Zot
 53828 | Shoals:2 | Gained mutation: You possess an exceptional clarity of mind. [evolution]
 53940 | Lair:3   | XOM: vitrification
 54019 | Lair:1   | XOM: god gift: iridescent halberd {god gift}
 54032 | Lair:1   | Got an iridescent halberd {god gift}
 54035 | Lair:1   | Identified the +4 halberd of Dismemberment {freeze, +Rage rN+ MP+9 Str+4} (Xom gifted it to you on level 1 of the Lair of Beasts)
 54040 | Lair:1   | Upgraded the game from 0.17-a0-913-g36eb389 to 0.17-a0-915-g8914353
 54040 | Lair:1   | Quit the game

Action                   |  1- 3 |  4- 6 |  7- 9 | 10-12 | 13-15 | 16-18 || total
-------------------------+-------+-------+-------+-------+-------+-------++-------
Melee: Unarmed           |   159 |   188 |   503 |   934 |  2741 |  1374 ||  5899
 Fire: Blowgun           |       |    32 |    47 |    78 |    32 |    14 ||   203
       Hand crossbow     |       |       |    29 |     9 |       |       ||    38
Throw: Stone             |     7 |     6 |       |       |       |       ||    13
       Tomahawk          |       |       |       |     5 |       |       ||     5
 Cast: Conjure Flame     |       |       |       |       |     1 |     4 ||     5
       Sticky Flame      |       |       |       |       |       |    34 ||    34
 Abil: Breathe Fire      |       |       |       |     2 |       |       ||     2
Evoke: Wand              |       |       |     6 |    11 |    15 |     8 ||    40
       Phantom mirror    |       |       |       |     1 |     1 |     1 ||     3
       Rod               |       |       |       |     1 |    65 |    21 ||    87
       Phial of floods   |       |       |       |       |     3 |       ||     3
       Lamp of fire      |       |       |       |       |       |     2 ||     2
  Use: Scroll            |     3 |     3 |     2 |    20 |    14 |     8 ||    50
       Potion            |       |       |       |    10 |     7 |     6 ||    23
 Stab: Paralysed         |       |     4 |       |     1 |     1 |     2 ||     8
       Confused          |       |     1 |     2 |     1 |     7 |     8 ||    19
       Petrified         |       |       |       |     1 |     1 |       ||     2
       Invisible         |       |       |       |     9 |       |    12 ||    21
       Distracted        |       |       |       |       |     3 |     4 ||     7
       Sleeping          |       |       |       |       |     2 |       ||     2
  Eat: Chunk             |     2 |     7 |    12 |    14 |    54 |    35 ||   124
       Pizza             |       |       |     1 |     1 |     1 |       ||     3
       Royal jelly       |       |       |     1 |     1 |     1 |     4 ||     7
       Fruit             |       |       |       |     4 |     5 |     4 ||    13
       Bread ration      |       |       |       |     2 |     6 |     3 ||    11
       Beef jerky        |       |       |       |     1 |     4 |     2 ||     7
